Map: King of Braxis Station

Players

MrFercho

  • Race: Zerg Zerg
  • Spawn Location: 11:00

tigro

  • Race: Terran Terran
  • Spawn Location: 12:00

IA (Difícil)

  • Race: Protoss Protoss
  • Spawn Location: 6:00

IA (Difícil)

  • Race: Zerg Zerg
  • Spawn Location: 5:00

IA (Difícil)

  • Race: Zerg Zerg
  • Spawn Location: 9:00

IA (Difícil)

  • Race: Protoss Protoss
  • Spawn Location: 3:00

IA (Difícil)

  • Race: Zerg Zerg
  • Spawn Location: 7:00

IA (Difícil) - Winner!

  • Race: Terran Terran
  • Spawn Location: 1:00

VOD

Have the link to the VOD?

Description

Time

  • Played on: April 11, 2020, 12:21 a.m.
  • Length: 74:49
Show
View Real Time Build Order
Export as new Build Order

MrFercho Zerg 

Build Orders: Pool First 

Get SALT Encoding   

  12  0:05  Drone  
  13  0:14  Overlord  
  13  0:17  Drone  
  14  0:22  Extractor  
  14  0:24  Drone  
  14  0:35  Drone  
  15  0:41  Drone  
  16  0:52  Drone  
  17  0:58  Spawning Pool  
  17  1:04  Drone  
  17  1:11  Drone  
  18  1:25  Drone  
  19  1:41  Drone  
  19  1:42  Hatchery  
  19  1:46  Extractor  
  19  1:47  Drone  
  19  2:05  Hatchery  
  19  2:06  Metabolic Boost  
  18  2:11  Drone x2  
  20  2:17  Overlord  
  20  2:33  Drone  
  20  2:36  Drone  
  22  2:49  Zergling x2  
  23  3:00  Drone  
  23  3:01  Drone  
  25  3:16  Hatchery  
  24  3:25  Hatchery  
  24  3:26  Overlord x2  
  24  3:27  Overlord  
  23  3:47  Zergling x2  
  23  3:48  Zergling x10  
  29  4:03  Lair  
  29  4:15  Drone x2  
  29  4:16  Drone x4  
  35  5:04  Drone  
  35  5:05  Drone x9  
  45  5:08  Hatchery  
  44  5:35  Infestation Pit  
  44  5:41  Evolution Chamber  
  42  5:43  Evolution Chamber  
  42  5:45  Roach Warren, Evolution Chamber  
  35  6:32  Drone x3  
  38  6:34  Zergling x4, Roach  
  38  6:35  Zergling x6, Roach x4  
  38  6:36  Zergling x2, Roach  
  55  7:13  Ravager  
  56  7:43  Overlord x2, Hydralisk Den  
  56  7:44  Overlord x6, Nydus Network  
  55  7:47  Spire  
  53  8:01  Hatchery  
  52  8:24  Hive  
  52  8:26  Pneumatized Carapace  
  52  8:27  Burrow  
  52  8:33  Zerg Missile Weapons Level 1, Zerg Melee Weapons Level 1, Zerg Ground Armor Level 1  
  52  9:05  Overseer  
  52  9:23  Glial Reconstitution  
  52  9:32  Hydralisk x4  
  52  9:33  Hydralisk  
  52  9:34  Roach x2  
  52  9:35  Roach x2  
  52  9:36  Zergling x4, Roach  
  74  10:21  Hydralisk x3  
  74  10:23  Zergling x2, Roach x3  
  74  10:24  Zergling x12  
  74  10:25  Zergling x2  
  94  10:39  Nydus Canal  
  94  10:42  Tunneling Claws  
  68  11:30  Hydralisk x3  
  68  11:31  Mutalisk x2  
  68  11:32  Zergling x6  
  80  11:33  Zergling x2, Roach x2  
  80  11:34  Zergling x6  
  80  11:35  Zergling x8  
  85  13:42  Overlord x3  
  85  13:43  Hydralisk x5  
  85  13:44  Hydralisk  
  97  13:48  Roach  
  99  14:29  Nydus Canal  
  62  15:31  Hydralisk x2  
  62  15:32  Hydralisk x2  
  62  15:33  Zergling x6  
  62  15:34  Roach x4  
  62  15:35  Roach, Corruptor  
  85  15:55  Drone  
  85  15:56  Drone x14  
  100  16:36  Hatchery  
  100  16:39  Extractor  
  98  16:53  Nydus Canal  
  98  16:55  Hydralisk x3  
  98  16:57  Roach x3  
  98  16:58  Zergling x12  
  98  16:59  Zergling x2, Hydralisk x4  
  98  17:00  Hydralisk  
  96  18:38  Nydus Canal  
  95  18:50  Corruptor  
  95  18:51  Corruptor x4  
  95  18:53  Roach  
  95  18:54  Zergling x2  
  107  19:06  Nydus Canal  
  107  19:22  Hydralisk x2  
  84  19:55  Hydralisk  
  84  19:56  Hydralisk x2  
  84  19:58  Zergling x10  
  84  19:59  Zergling x2  
  99  20:00  Zergling x18  
  105  20:36  Drone x3  
  108  20:59  Queen  
  110  21:28  Hatchery  
  109  21:52  Extractor  
  108  22:03  Zerg Ground Armor Level 2, Zerg Missile Weapons Level 2, Zerg Melee Weapons Level 2  
  108  22:05  Adrenal Glands  
  108  22:09  Pathogen Glands  
  108  22:11  Grooved Spines  
  108  22:33  Lurker Den  
  107  22:47  Drone  
  108  23:09  Ultralisk Cavern  
  107  23:22  Muscular Augments  
  84  23:51  Hydralisk x2  
  84  23:52  Hydralisk x2  
  84  23:53  Corruptor x2  
  84  23:54  Hydralisk  
  84  23:55  Hydralisk x3  
  93  23:58  Zergling x8  
  93  23:59  Zergling x8  
  74  25:23  Lurker  
  52  26:16  Greater Spire  
  52  26:19  Ultralisk  
  52  26:20  Ultralisk x2  
  52  26:21  Roach x3  
  52  26:22  Roach x2, Hydralisk x5  
  90  26:35  Drone x3  
  89  27:13  Nydus Canal  
  87  27:26  Hydralisk x3  
  93  27:34  Nydus Canal  
  77  28:39  Zerg Flyer Weapons Level 1  
  77  28:44  Corruptor x5  
  77  28:45  Corruptor  
  89  29:08  Hatchery  
  88  29:13  Extractor  
  87  29:48  Brood Lord x3  
  93  30:02  Hatchery, Drone  
  93  30:03  Drone x17  
  109  30:34  Zerg Flyer Armor Level 1  
  109  30:57  Hydralisk x3  
  109  30:58  Hydralisk x2  
  109  30:59  Roach x2  
  109  31:00  Zergling x6, Roach  
  109  31:01  Zergling x14  
  135  31:27  Overlord x3, Zerg Melee Weapons Level 3  
  135  31:28  Overlord x7  
  135  31:29  Overlord x2  
  135  31:40  Unknown  
  135  31:42  Unknown  
  105  32:27  Zerg Flyer Weapons Level 2  
  105  33:28  Drone x18  
  123  33:39  Hatchery  
  122  33:48  Hatchery  
  121  33:50  Hatchery  
  121  33:51  Hatchery  
  119  34:12  Ultralisk x3  
  119  34:13  Mutalisk x2, Hydralisk  
  140  35:03  Overseer  
  140  35:16  Corruptor  
  140  35:17  Corruptor x2  
  146  35:39  Overseer  
  82  37:15  Ultralisk x2  
  92  37:17  Zergling x10  
  92  37:18  Zergling x12  
  92  37:19  Zergling x2  
  92  37:20  Zergling x8  
  96  38:05  Nydus Canal  
  96  38:35  Corruptor  
  96  38:36  Corruptor x4  
  106  39:31  Ultralisk, Hydralisk x2  
  112  39:33  Zergling x10  
  112  39:34  Zergling x10  
  112  39:35  Zergling x6  
  112  39:36  Zergling x4  
  131  39:51  Nydus Canal  
  131  40:07  Overseer  
  127  40:30  Nydus Canal  
  127  40:35  Mutalisk x2  
  80  41:45  Viper  
  80  41:46  Viper  
  86  41:48  Hydralisk  
  86  41:51  Roach  
  90  41:54  Zergling x2  
  90  41:55  Zergling x2  
  90  41:56  Zergling x24  
  104  42:34  Hatchery  
  104  42:36  Hatchery  
  104  42:37  Chitinous Plating  
  102  42:40  Hatchery  
  99  42:46  Hatchery  
  99  42:47  Hatchery  
  99  42:48  Hatchery  
  91  43:21  Brood Lord x2  
  100  44:24  Ultralisk  
  100  44:29  Zergling x6  
  100  44:30  Zergling x50  
  100  44:31  Zergling x8  
  131  44:45  Extractor  
  131  44:48  Nydus Canal  
  129  45:52  Ultralisk x2, Mutalisk  
  129  45:54  Hydralisk x2  
  121  47:06  Zerg Missile Weapons Level 3  
  121  47:47  Drone x6  
  121  47:48  Drone x9  
  136  48:00  Hatchery  
  135  48:06  Hatchery x2  
  135  48:07  Hatchery  
  135  48:11  Hatchery  
  135  48:12  Hatchery x2  
  121  48:14  Hatchery  
  121  48:18  Hatchery  
  121  48:19  Hatchery  
  102  48:20  Hatchery  
  81  48:42  Hydralisk x2  
  81  48:43  Hydralisk x2  
  81  48:44  Roach x2  
  81  48:45  Zergling x6, Roach x2  
  81  48:46  Zergling x8  
  54  50:12  Hydralisk x4  
  54  50:13  Hydralisk  
  66  50:14  Roach x4  
  66  50:15  Zergling x8, Roach  
  66  50:16  Zergling x6, Corruptor x3  
  66  50:17  Corruptor x2  
  91  50:28  Hatchery  
  91  50:31  Extractor  
  89  50:53  Ultralisk Cavern  
  88  51:25  Brood Lord  
  90  52:01  Zergling x4  
  90  52:02  Zergling x10  
  90  52:03  Zergling x6, Hydralisk x4  
  90  52:04  Hydralisk  
  90  52:05  Roach  
  112  52:33  Adaptive Talons  
  112  52:57  Drone  
  112  52:58  Drone x2  
  115  53:04  Drone  
  115  53:05  Drone x24  
  135  53:06  Drone x15  
  155  54:07  Ultralisk x3  
  155  54:09  Zergling x2  
  175  54:10  Zergling x4, Hydralisk  
  175  54:11  Hydralisk x3  
  175  54:12  Hydralisk x2  
  175  54:16  Zergling x12, Roach  
  175  54:17  Zergling x8  
  192  55:15  Brood Lord x4  
  193  55:24  Lair  
  114  55:44  Hydralisk x6  
  114  55:45  Hydralisk  
  114  55:46  Roach x2  
  114  55:47  Zergling x8  
  114  55:48  Zergling x8  
  114  55:49  Zergling x10  
  153  55:50  Zergling x6  
  78  58:15  Hatchery  
  78  58:18  Hatchery x2  
  75  58:22  Hatchery  
  74  58:28  Spawning Pool  
  74  58:30  Evolution Chamber  
  72  58:59  Hatchery  
  72  59:02  Extractor  
  70  59:03  Extractor  
  69  59:21  Hatchery  
  69  59:22  Hatchery  
  67  59:38  Infestation Pit  
  66  60:15  Hive  
  66  60:23  Overseer  
  66  60:38  Drone  
  66  60:42  Drone  
  3  61:43  Drone x3  
  5  62:01  Drone x3  
  8  62:05  Drone x2  
  10  62:18  Drone  
  11  62:26  Spawning Pool  
  10  62:49  Drone  
  10  62:50  Drone x2  
  13  62:53  Drone x3  
  13  62:58  Extractor  
  15  63:02  Extractor  
  9  63:53  Drone x3  
  12  64:29  Spawning Pool  
  12  64:30  Drone x3  
  14  64:42  Extractor  
  13  64:47  Hatchery  
  13  64:48  Extractor  
  1  66:37  Spawning Pool  
  1  66:38  Drone x3  
  3  67:31  Drone x3  
  6  67:51  Zergling x2  
  7  68:16  Zergling x2  
  7  68:17  Zergling x4  
  8  68:44  Hatchery  
  6  68:53  Queen  
  8  68:59  Zergling x6  
  9  69:29  Queen  
  10  69:50  Drone x3  
  10  70:05  Queen  
  10  70:07  Overlord  
  12  70:18  Drone  
  13  70:39  Spine Crawler  
  13  70:40  Queen  
  14  70:46  Spine Crawler  
  13  71:05  Overlord  
  13  71:06  Overlord  
  13  71:08  Overlord  
  13  71:16  Queen  
  15  71:34  Zergling x4  
  17  71:48  Hatchery  
  17  71:52  Queen  
  18  72:02  Drone x2  
  18  72:03  Drone  
  21  72:27  Queen  
  23  72:33  Drone  
  23  72:34  Drone  
  25  72:44  Spore Crawler  
  25  72:46  Spore Crawler  
  23  73:00  Queen  
  23  73:03  Queen  
  27  73:13  Drone  
  27  73:14  Drone x4  
  32  73:36  Queen  
  32  73:39  Queen  
Show
View Real Time Build Order
Export as new Build Order

tigro Terran 

Build Orders:  

Get SALT Encoding   

  12  0:05  SCV  
  13  0:19  Supply Depot  
  13  0:22  Refinery  
  13  0:29  Refinery  
  13  0:31  SCV  
  14  0:43  SCV  
  15  0:58  Barracks  
  15  1:01  SCV  
  17  1:21  SCV  
  17  1:34  SCV  
  18  1:46  SCV, Supply Depot  
  18  1:47  Marine  
  20  2:04  Marine  
  21  2:09  Barracks  
  21  2:22  Marine  
  21  2:24  SCV, Engineering Bay  
  23  2:36  SCV  
  24  2:40  Marine  
  25  2:48  SCV  
  26  2:58  Marine  
  27  3:03  Barracks Tech Lab  
  27  3:04  Missile Turret  
  27  3:16  Marine, Factory  
  27  3:19  Orbital Command  
  28  3:25  Marauder  
  30  3:35  Barracks Tech Lab  
  30  3:40  Combat Shield  
  30  4:10  Supply Depot, Marauder  
  30  4:11  Factory Tech Lab  
  30  4:13  Stimpack  
  32  4:19  Marine  
  33  4:32  Marauder  
  33  4:36  Marine  
  33  4:37  Starport  
  36  4:52  Terran Infantry Weapons Level 1  
  36  4:59  Concussive Shells  
  36  5:21  Factory  
  36  5:29  Armory, Infernal Pre-Igniter  
  36  5:36  Starport Tech Lab  
  36  6:34  Factory Tech Lab  
  36  6:43  Starport  
  36  6:46  Terran Infantry Armor Level 1  
  36  6:50  Terran Vehicle Weapons Level 1  
  36  6:52  Fusion Core  
  36  7:13  Marine  
  31  7:17  Marauder  
  25  7:31  Marine  
  26  7:38  Marauder  
  28  7:49  Marine  
  29  7:53  Supply Depot  
  29  7:54  Missile Turret  
  29  7:59  Marauder  
  31  8:07  Marine  
  31  8:12  Starport Tech Lab  
  32  8:14  Medivac  
  34  8:21  Marauder  
  34  8:24  Marine  
  37  8:40  Neosteel Armor  
  37  8:42  Marauder  
  37  8:45  Terran Vehicle And Ship Armor Level 1  
  39  9:00  Marine  
  40  9:04  Marauder  
  42  9:18  Marine  
  43  9:25  Marauder  
  43  9:27  Command Center  
  45  9:35  Siege Tank  
  45  9:36  Missile Turret, Marine  
  49  9:38  Siege Tank  
  52  9:46  Marauder  
  54  9:54  Marine  
  55  10:07  Marine  
  55  10:12  Marine  
  57  10:20  Hi-Sec Auto Tracking  
  57  10:24  Missile Turret  
  57  10:39  Terran Ship Weapons Level 1  
  57  10:54  Planetary Fortress  
  57  11:00  Marine  
  57  11:04  Marauder  
  60  11:18  Marine  
  61  11:25  Marauder  
  63  11:35  Marine  
  64  11:46  Marauder  
  66  11:53  Marine  
  67  12:08  Marauder  
  69  12:11  Marine  
  70  12:29  Marauder  
  72  13:53  Command Center  
  72  14:05  Marine  
  72  14:09  Marauder  
  75  14:22  Marine  
  76  14:30  Marauder  
  78  14:32  Weapon Refit  
  78  14:37  Battlecruiser  
  84  14:39  Battlecruiser  
  84  14:40  Marine  
  84  14:42  Mag-Field Accelerator  
  84  14:43  Drilling Claws  
  91  14:46  Terran Vehicle And Ship Armor Level 2  
  91  14:51  Marauder  
  93  14:58  Marine  
  94  15:13  Marauder  
  96  15:16  Marine  
  97  15:34  Marauder  
  48  16:01  Planetary Fortress, Smart Servos  
  48  16:02  Refinery  
  48  16:12  Rapid Reignition System  
  48  16:18  Marine  
  49  16:24  Battlecruiser  
  55  16:26  Medivac  
  57  16:36  Marine  
  58  16:42  SCV  
  59  16:54  Marine  
  60  16:55  SCV  
  61  17:01  Terran Vehicle Weapons Level 2  
  61  17:07  SCV  
  62  17:09  Advanced Ballistics  
  62  17:11  Marine  
  63  17:19  SCV  
  64  17:29  Battlecruiser, Marine  
  71  17:31  SCV  
  71  17:32  Marine  
  73  17:47  Marine  
  73  17:49  Marine  
  75  18:05  Marine  
  76  18:07  Marine  
  69  18:23  Marine  
  69  18:25  Marine  
  56  18:43  Marine  
  53  18:59  Marine  
  54  19:02  Marine  
  40  19:11  Thor  
  40  19:15  Battlecruiser  
  52  19:17  Terran Ship Weapons Level 2  
  52  19:20  Marine  
  45  19:38  Marine  
  46  19:50  Thor  
  46  19:51  Barracks  
  52  19:56  Marine  
  53  20:14  Marine  
  54  20:26  Terran Infantry Weapons Level 2  
  54  20:32  Marauder  
  56  20:41  Barracks Tech Lab  
  56  20:53  Command Center  
  56  20:54  Marauder  
  58  21:07  SCV  
  59  21:15  Marauder  
  61  21:19  SCV  
  62  21:31  SCV  
  63  21:33  Terran Vehicle Weapons Level 3  
  63  21:36  Marine  
  64  21:47  Marine  
  64  21:48  Command Center  
  64  21:54  Marine  
  66  22:05  Marine  
  67  22:09  Planetary Fortress  
  67  22:11  Marine  
  68  22:23  Marine  
  68  22:26  Missile Turret  
  68  22:29  Marine  
  70  22:30  Medivac  
  72  22:41  Marine  
  72  22:42  Terran Infantry Armor Level 2  
  73  22:58  Marine  
  70  23:37  Command Center  
  43  24:10  Terran Vehicle And Ship Armor Level 3  
  28  24:24  Marine  
  28  24:27  Marine  
  30  24:32  Battlecruiser  
  30  24:35  Battlecruiser  
  42  24:42  Marine  
  42  24:45  Marine  
  44  24:53  Refinery  
  44  24:59  Marine  
  44  25:02  Marine  
  20  26:35  SCV  
  21  26:47  SCV  
  16  26:59  SCV  
  16  27:00  Battlecruiser  
  19  27:48  Command Center  
  15  27:52  Planetary Fortress  
  8  28:24  Medivac  
  10  28:41  SCV  
  11  28:53  SCV  
  12  29:06  SCV  
  13  29:10  Planetary Fortress  
  13  29:18  SCV  
  14  29:25  Refinery  
  14  29:30  SCV  
  15  29:39  Banshee  
  18  29:54  SCV  
  19  30:06  SCV  
  18  30:18  SCV  
  18  30:22  Viking  
  19  30:51  Banshee  
  22  31:49  SCV  
  23  32:32  SCV  
  24  33:06  SCV  
  25  33:12  Missile Turret  
  25  33:17  Command Center  
  25  33:28  Terran Ship Weapons Level 3  
  25  33:30  Terran Infantry Weapons Level 3  
  17  34:32  SCV  
  18  34:44  SCV, Barracks  
  19  34:56  SCV  
  20  35:08  SCV  
  21  35:20  SCV  
  22  35:32  SCV  
  22  35:34  Barracks  
  23  35:44  SCV  
  23  35:49  Marine  
  19  35:53  Viking  
  19  35:56  SCV  
  12  36:06  Marine  
  12  36:08  SCV  
  12  36:20  SCV  
  12  36:22  Banshee  
  12  36:24  Marine  
  14  36:42  Marine  
  14  37:00  Marine  
  15  37:05  Viking  
  17  37:11  Command Center  
  17  37:17  Refinery  
  17  37:18  Marine  
  5  39:57  Command Center x2  
  5  40:02  Supply Depot  
  5  40:21  Refinery  
  5  40:39  Barracks  
  5  41:32  Marine  
  6  41:50  SCV, Marine  
  8  42:07  Marine  
  9  42:14  SCV  
  10  42:25  Marine  
  10  42:29  SCV  
  12  42:43  Marine  
  13  42:57  Barracks  
  13  43:01  Marine  
  14  43:20  SCV  
  15  43:34  Supply Depot  
  15  43:49  SCV  
  16  44:14  Barracks Tech Lab  
  16  44:19  Barracks Tech Lab  
  16  44:22  Orbital Command  
  16  44:33  Marauder  
  18  45:04  SCV  
  19  45:11  Marine  
  20  45:16  SCV  
  21  45:28  SCV  
  21  45:30  Engineering Bay  
  22  45:40  SCV  
  22  45:42  Marine  
  24  45:52  SCV  
  24  45:55  Marine  
  26  46:00  Marine  
  27  46:12  Marine  
  27  46:18  Marine  
  29  46:30  Marine  
  30  46:35  Marine  
  31  46:48  Marine  
  31  46:53  Marine  
  33  47:06  Marine  
  34  47:11  Marine  
  35  47:29  Marauder  
  37  47:34  Factory  
  37  47:51  Marauder  
  39  48:12  Marauder  
  41  48:22  Factory Tech Lab  
  41  48:23  Factory  
  41  48:24  Marine  
  42  48:34  Marauder  
  44  48:41  Marine  
  45  48:55  Marauder  
  47  48:59  Marine  
  48  49:10  Armory  
  48  49:16  Marauder  
  49  49:17  Marine  
  20  49:35  Marine  
  20  49:38  Marauder  
  20  49:51  Factory Tech Lab  
  20  49:54  Factory Tech Lab  
  9  50:10  Missile Turret  
    50:51  SCV  
  1  51:03  SCV  
  2  51:15  SCV  
  3  51:27  SCV  
  4  51:39  SCV  
  5  52:25  Command Center  
  5  53:27  Refinery  
  5  53:36  Refinery  
  5  53:55  Supply Depot  
  5  54:06  SCV  
  5  54:07  Engineering Bay  
  6  54:22  SCV  
  7  54:52  Barracks  
  7  55:26  SCV  
  8  55:38  SCV  
  9  55:51  SCV  
  10  55:59  Marine  
  2  56:16  SCV  
  2  56:17  Marine  
  4  56:35  Marine  
  5  57:41  Marine  
  1  60:00  Command Center  
  1  61:12  SCV  
  2  61:23  Supply Depot  
  2  61:25  SCV  
  3  61:31  Refinery  
  3  61:37  SCV  
  4  61:48  Refinery  
  4  61:49  SCV  
  5  62:01  SCV, Barracks  
  6  62:12  Engineering Bay  
  6  62:23  Barracks  
  6  62:28  SCV  
  7  62:40  Supply Depot  
  7  62:41  SCV  
  8  62:51  Marine  
  8  62:53  SCV  
  10  63:05  SCV  
  11  63:06  Missile Turret  
  11  63:09  Marine  
  12  63:13  Marine  
  12  63:14  Missile Turret  
  12  63:17  SCV  
  14  63:27  Marine  
  14  63:31  Marine  
  16  63:45  Marine  
  17  63:53  Barracks Tech Lab  
  17  64:03  Marine  
  18  64:21  Marauder  
  18  64:22  Factory  
  20  64:25  Orbital Command  
  20  64:43  Supply Depot, Marauder  
  22  64:46  Barracks Tech Lab  
  22  65:04  Marauder  
  24  65:07  Marine  
  25  65:14  Factory Tech Lab  
  25  65:25  Starport, Marine  
  25  65:26  Marauder  
  28  65:31  Armory  
  28  65:43  Marine  
  28  65:47  Marauder  
  31  66:01  Marine  
  32  66:05  Medivac  
  32  66:08  Marauder  
  36  66:12  Starport  
Show
View Real Time Build Order
Export as new Build Order

IA (Difícil) Protoss 

Build Orders:  

Get SALT Encoding   

  12  0:01  Probe  
  13  0:13  Probe  
  14  0:21  Pylon  
  14  0:25  Probe  
  15  0:35  Probe  
  16  0:43  Probe  
  16  0:47  Assimilator  
  17  0:51  Gateway  
  17  0:53  Probe  
  18  1:00  Pylon  
  18  1:01  Probe  
  19  1:20  Probe  
  20  1:39  Zealot  
  22  1:42  Gateway  
  22  1:46  Cybernetics Core  
  22  1:47  Assimilator  
  22  2:02  Pylon  
  22  2:12  Zealot  
  22  2:22  Warp Gate  
  24  2:29  Adept  
  26  2:37  Adept  
  26  2:39  Pylon  
  28  2:58  Stalker  
  28  2:59  Adept  
  28  3:03  Probe  
  33  3:15  Probe  
  33  3:17  Pylon  
  34  3:27  Probe  
  34  3:29  Adept  
  34  3:32  Adept  
  39  3:34  Forge  
  39  3:39  Probe  
  40  3:51  Probe  
  41  3:59  Adept  
  43  4:03  Probe  
  43  4:09  Adept  
  46  5:08  Probe, Sentry  
  46  5:09  Protoss Ground Weapons Level 1  
  46  5:11  Gateway  
  49  5:16  Probe  
  49  5:18  Sentry, Photon Cannon  
  47  5:24  Probe, Photon Cannon  
  44  5:28  Robotics Facility  
  44  5:31  Stalker  
  40  5:36  Stargate  
  40  5:40  Pylon  
  40  5:41  Zealot  
  42  5:54  Adept  
  44  6:03  Adept  
  46  6:05  Twilight Council  
  42  6:13  Adept  
  42  6:16  Observer  
  43  6:22  Adept  
  45  6:29  Probe  
  45  6:31  Stalker  
  47  6:36  Forge  
  47  6:38  Observer  
  48  6:41  Stalker  
  50  6:50  Zealot  
  52  6:58  Protoss Ground Armor Level 1  
  52  7:00  Adept  
  54  7:09  Adept  
  56  8:59  Stalker x2  
  56  9:12  Protoss Ground Armor Level 2  
  56  9:13  Void Ray  
  56  9:14  Warp Prism, Protoss Ground Weapons Level 2  
  62  9:17  Gateway  
  62  9:20  Robotics Facility  
  62  9:23  Zealot  
  62  9:28  Pylon  
  62  9:29  Stalker  
  60  9:37  Stargate  
  60  9:46  Zealot  
  60  9:49  Warp Prism  
  60  9:52  Stalker x2, Zealot  
  66  9:54  Pylon  
  66  10:05  Stalker  
  68  10:08  Observer  
  68  10:12  Stalker  
  65  10:18  Stalker  
  56  10:21  Pylon  
  56  10:24  Stalker  
  56  10:25  Warp Prism  
  56  10:29  Observer  
  56  10:30  Stalker  
  59  10:35  Void Ray  
  59  10:41  Zealot  
  64  10:47  Sentry  
  66  10:51  Observer  
  67  11:08  Sentry  
  69  11:43  Blink  
  69  12:18  Protoss Shields Level 1  
  63  13:17  Robotics Bay  
  63  13:44  Stalker  
  65  13:48  Stalker  
  65  13:53  Stalker  
  69  13:58  Adept  
  69  13:59  Pylon  
  68  14:04  Immortal, Observer  
  68  14:09  Zealot  
  75  14:25  Disruptor  
  78  14:33  Disruptor  
  77  15:21  Fleet Beacon  
  77  15:45  Zealot  
  79  15:53  Pylon  
  79  15:59  Adept  
  81  16:04  Adept  
  81  16:07  Carrier  
  81  16:10  Adept  
  91  16:13  Adept  
  93  16:19  Adept  
  93  16:21  Pylon  
  93  16:23  Adept  
  97  16:52  Zealot  
  97  16:53  Pylon  
  101  17:10  Void Ray  
  101  17:21  Protoss Shields Level 2  
  101  17:40  Gravitic Boosters  
  101  18:36  Zealot  
  101  18:37  Gravitic Drive  
  101  18:42  Protoss Air Weapons Level 1  
  94  19:02  Sentry  
  88  19:12  Stalker  
  86  19:18  Probe, Stalker  
  83  19:28  Stalker  
  83  19:40  Colossus  
  85  19:59  Stalker  
  87  20:05  Zealot  
  80  20:11  Stalker  
  82  20:18  Stalker  
  84  20:36  Sentry  
  84  20:55  Sentry  
  84  21:27  Colossus  
  90  22:18  Carrier  
  96  22:44  Disruptor  
  99  23:16  Tempest  
  104  23:22  Void Ray  
  102  23:27  Stalker  
  102  23:33  Zealot  
  96  23:39  Stalker  
  98  23:50  Immortal  
  96  24:21  Disruptor  
  89  24:33  Zealot  
  87  24:39  Stalker  
  77  24:49  Sentry  
  70  24:58  Stalker  
  72  25:07  Stalker  
  74  25:17  Stalker  
  76  25:35  Sentry  
  78  25:54  Sentry  
  80  26:00  Adept  
  82  26:16  Adept  
  84  26:20  Adept  
  84  26:21  Stalker x2  
  84  26:23  Zealot  
  88  26:27  Adept  
  90  26:36  Adept  
  92  26:40  Adept  
  92  26:43  Adept  
  96  26:47  Immortal  
  96  26:54  Stalker  
  81  27:12  Sentry  
  83  27:30  Sentry  
  85  27:57  Zealot  
  83  28:00  Zealot  
  83  28:03  Protoss Air Armor Level 1  
  83  28:04  Adept  
  75  28:11  Stalker  
  74  28:26  Observer  
  75  28:35  Stalker  
  77  28:44  Stalker  
  79  28:54  Stalker  
  81  29:07  Immortal  
  81  29:17  Probe  
  85  29:31  Immortal  
  85  29:43  Colossus  
  89  30:24  Carrier  
  94  30:42  Immortal  
  94  30:49  Observer  
  95  30:58  Stalker  
  97  31:07  Stalker  
  88  31:13  Zealot  
  81  31:20  Zealot  
  81  31:22  Observer  
  76  31:32  Observer  
  77  31:43  Stalker  
  79  31:52  Stalker  
  81  32:02  Probe  
  81  32:11  Sentry  
  83  32:29  Sentry  
  85  32:35  Adept  
  87  33:01  Void Ray  
  91  33:16  Zealot  
  93  33:20  Zealot  
  95  33:43  Templar Archives  
  95  34:15  Stalker  
  97  34:20  High Templar  
  97  34:23  Colossus  
  93  34:24  Zealot  
  93  34:29  Zealot  
  97  34:33  Stalker  
  99  34:44  Stalker  
  101  34:52  Sentry  
  103  35:11  Sentry  
  105  35:29  Sentry  
  107  35:37  Pylon  
  107  35:58  Stalker  
  107  36:02  Immortal  
  87  36:06  Stalker  
  70  36:21  Observer  
  71  36:29  Stalker  
  73  36:39  Stalker  
  75  37:06  Void Ray, High Templar  
  77  37:11  Adept  
  79  37:28  Void Ray  
  79  37:34  Void Ray  
  83  38:16  Psionic Storm  
  83  39:40  Protoss Ground Armor Level 3  
  83  40:10  High Templar  
  83  40:33  Colossus  
  89  40:54  Void Ray  
  89  40:56  Carrier  
  89  41:07  Probe  
  81  41:11  Forge  
  81  41:12  Stalker  
  69  41:19  Probe, Zealot, Photon Cannon  
  68  41:26  Zealot, Photon Cannon  
  68  41:31  Probe  
  58  41:33  Sentry  
  58  41:34  Assimilator  
  58  41:39  Zealot  
  56  41:43  Probe  
  57  41:55  Probe  
  58  42:07  Probe  
  59  42:19  Probe  
  60  42:28  Stalker  
  62  42:31  Probe  
  63  42:43  Probe  
  64  42:55  Probe  
  65  43:00  Sentry  
  67  43:06  Adept  
  67  43:08  Probe  
  50  43:15  Stalker  
  52  43:20  Probe  
  52  43:23  Stalker  
  55  43:32  Probe  
  55  43:33  Stalker  
  58  43:42  Stalker  
  58  43:44  Probe  
  61  43:56  Probe  
  61  44:00  Sentry  
  64  44:08  Probe  
  65  44:11  Colossus  
  65  44:18  Probe  
  65  44:26  Probe  
  65  44:29  Disruptor  
  69  44:35  Probe  
  69  44:45  Colossus  
  70  44:46  Probe  
  71  44:55  Disruptor  
  71  44:59  Probe  
  75  45:11  Probe, Observer  
  43  45:50  Zealot  
  43  45:53  Zealot  
Show
View Real Time Build Order
Export as new Build Order

IA (Difícil) Zerg 

Build Orders: 1 Base Baneling Bust, Pool First 

Get SALT Encoding   

  12  0:01  Drone  
  13  0:12  Overlord  
  13  0:18  Drone  
  14  0:30  Drone  
  14  0:32  Drone  
  16  0:43  Spawning Pool  
  16  0:46  Drone  
  16  0:50  Drone  
  16  0:53  Extractor  
  16  0:55  Drone  
  17  1:06  Overlord  
  17  1:31  Zergling x2  
  17  1:32  Queen  
  20  1:37  Zergling x2  
  20  1:38  Drone  
  22  1:41  Roach Warren  
  22  1:42  Extractor  
  20  1:49  Drone  
  21  2:00  Drone  
  22  2:10  Overlord  
  22  2:21  Drone  
  23  2:32  Roach  
  25  2:38  Drone  
  25  2:39  Roach  
  25  2:42  Overlord  
  28  2:44  Roach  
  30  2:54  Roach  
  32  3:05  Roach  
  34  3:11  Roach  
  36  3:15  Overlord  
  36  3:17  Roach  
  36  3:19  Drone  
  39  3:28  Roach  
  39  3:33  Baneling Nest  
  40  3:38  Evolution Chamber  
  40  3:39  Drone  
  40  3:42  Drone  
  40  3:45  Drone  
  42  3:50  Drone  
  42  3:53  Drone  
  44  4:01  Drone  
  45  4:12  Drone  
  46  4:52  Lair, Overlord  
  46  4:53  Drone  
  46  4:54  Zerg Melee Weapons Level 1  
  46  4:55  Evolution Chamber, Drone  
  46  4:56  Drone  
  48  5:21  Zerg Missile Weapons Level 1  
  48  5:33  Overlord  
  48  5:46  Spore Crawler  
  48  5:47  Drone  
  48  5:49  Burrow, Overseer  
  48  5:51  Overseer  
  48  5:53  Spore Crawler, Drone  
  47  5:58  Hydralisk Den  
  47  6:00  Drone  
  47  6:01  Zergling x2  
  45  6:09  Roach  
  43  6:17  Roach  
  39  6:25  Roach  
  39  6:33  Roach  
  39  6:36  Spine Crawler  
  39  6:38  Drone  
  39  6:41  Roach  
  41  6:48  Zerg Ground Armor Level 1  
  41  6:49  Roach  
  41  6:53  Spine Crawler, Drone  
  43  6:56  Hydralisk  
  43  7:00  Queen  
  47  7:04  Hydralisk  
  49  7:08  Infestation Pit  
  49  7:09  Drone  
  49  7:13  Roach  
  51  7:20  Spire  
  51  7:21  Roach  
  52  7:25  Drone  
  52  7:29  Hydralisk  
  55  7:37  Hydralisk  
  55  7:41  Overseer  
  55  7:42  Overlord  
  57  8:43  Infestor  
  57  8:45  Overlord  
  59  8:49  Infestor  
  59  8:54  Infestor  
  63  9:00  Infestor  
  65  9:17  Pneumatized Carapace  
  65  9:39  Zergling x2  
  65  9:40  Overseer  
  63  10:08  Infestor  
  65  10:21  Hatchery  
  64  10:22  Drone  
  65  10:36  Infestor  
  67  11:03  Infestor  
  65  11:28  Hydralisk  
  63  11:40  Infestor  
  65  11:49  Hydralisk  
  67  11:58  Roach  
  55  12:03  Roach  
  57  12:09  Roach  
  57  12:13  Overseer  
  59  12:18  Overlord  
  59  12:22  Overseer  
  59  12:30  Overseer  
  59  12:59  Overlord, Hive  
  59  13:17  Corruptor  
  61  13:29  Zergling x2  
  53  14:10  Greater Spire  
  53  15:23  Brood Lord, Corruptor  
  57  16:07  Roach  
  57  16:10  Overlord  
  61  16:11  Roach  
  61  16:15  Roach  
  63  16:18  Roach  
  63  16:22  Roach  
  67  16:26  Hydralisk  
  67  16:29  Overlord  
  67  16:31  Roach  
  71  16:35  Roach  
  75  16:40  Roach  
  75  16:44  Roach  
  77  16:49  Overlord, Roach  
  79  16:54  Roach  
  81  17:16  Infestor  
  81  17:20  Infestor  
  81  17:22  Overlord  
  85  17:23  Infestor  
  87  17:30  Hydralisk  
  87  17:34  Hydralisk  
  91  17:48  Viper  
  94  17:56  Zergling x2  
  94  18:03  Roach  
  92  18:06  Hydralisk  
  74  18:30  Infestor  
  76  18:58  Infestor  
  78  19:25  Infestor  
  80  19:52  Infestor  
  82  20:20  Corruptor  
  84  20:41  Infestor  
  84  20:54  Brood Lord  
  86  21:05  Zergling x2  
  80  21:11  Corruptor  
  44  21:45  Brood Lord  
  46  21:53  Corruptor  
  48  22:26  Brood Lord  
  50  22:43  Corruptor  
  52  22:52  Overseer  
  52  23:29  Brood Lord  
  52  23:31  Roach  
  56  23:34  Roach  
  56  23:39  Roach  
  60  23:44  Roach  
  61  23:52  Hydralisk  
  63  24:01  Hydralisk  
  65  24:06  Roach  
  67  24:10  Overlord  
  67  24:11  Roach  
  67  24:16  Roach  
  71  24:21  Roach  
  73  24:29  Zergling x2  
  73  24:31  Overlord, Hydralisk  
  74  24:38  Hydralisk  
  76  24:43  Roach  
  80  24:47  Roach  
  80  24:50  Overlord  
  82  24:53  Roach  
  82  24:58  Roach  
  86  25:02  Roach  
  86  25:06  Roach  
  90  25:09  Overlord  
  90  25:11  Roach  
  92  25:15  Roach  
  94  25:23  Hydralisk  
  96  25:29  Overlord  
  96  25:34  Hydralisk  
  98  25:42  Hydralisk  
  98  26:11  Infestor  
  100  26:19  Hydralisk  
  98  26:44  Mutalisk  
  100  26:56  Mutalisk  
  91  27:14  Mutalisk  
  89  27:17  Overlord  
  89  27:35  Overlord  
  89  27:37  Corruptor  
  91  27:56  Mutalisk  
  93  28:14  Mutalisk  
  95  28:33  Mutalisk  
  95  28:34  Overlord  
  97  28:51  Corruptor  
  99  29:28  Viper  
  102  29:56  Mutalisk  
  102  29:57  Overlord  
  104  31:03  Roach  
  104  31:07  Hydralisk  
  104  31:08  Roach  
  104  31:09  Zergling x2  
  56  31:46  Infestor  
  39  32:56  Brood Lord, Corruptor  
  43  33:29  Brood Lord, Corruptor  
  47  33:51  Roach  
  51  33:55  Roach  
  51  34:00  Roach  
  53  34:03  Brood Lord, Corruptor  
  57  34:23  Roach  
  59  34:31  Hydralisk  
  59  34:36  Brood Lord, Corruptor  
  65  35:00  Hydralisk  
  65  35:05  Roach  
  66  35:08  Zergling x2  
  66  35:11  Roach  
  66  35:13  Roach  
  65  35:16  Roach  
  65  35:18  Hydralisk  
  65  35:21  Hydralisk  
  65  35:25  Roach  
  65  35:28  Roach  
  71  35:31  Roach  
  71  35:34  Roach  
  75  35:37  Roach  
  75  35:40  Roach  
  75  35:42  Overlord  
  79  35:43  Roach  
  79  35:45  Infestor  
  83  36:04  Overseer  
  83  36:09  Roach  
  85  36:18  Hydralisk  
  87  36:26  Hydralisk  
  87  36:27  Overlord  
  89  36:37  Hydralisk  
  91  36:46  Hydralisk  
  93  37:13  Mutalisk  
  95  37:22  Mutalisk  
  95  37:23  Overlord  
  97  37:40  Mutalisk  
  99  37:59  Mutalisk  
  101  38:17  Overlord, Mutalisk  
  102  38:36  Mutalisk  
  100  38:54  Corruptor  
  46  39:13  Corruptor  
  48  39:50  Viper  
  51  39:59  Overseer  
  51  40:18  Mutalisk  
  53  40:35  Mutalisk  
  55  40:54  Mutalisk  
  53  41:12  Corruptor  
  55  41:31  Mutalisk  
  57  41:49  Mutalisk  
  59  42:08  Mutalisk  
  61  42:26  Mutalisk  
  63  42:45  Corruptor  
  65  43:03  Corruptor  
  67  43:39  Viper  
  70  43:59  Zerg Flyer Weapons Level 1  
  70  44:15  Roach  
  72  44:18  Roach  
  72  44:21  Zergling x2  
  75  44:31  Hydralisk  
  75  44:36  Roach  
  79  44:39  Ravager  
  79  44:41  Roach  
  79  44:45  Roach  
  80  44:58  Ravager  
  81  45:03  Roach  
  83  45:12  Hydralisk  
  85  45:21  Hydralisk  
  85  45:26  Roach  
  89  45:31  Roach  
  89  45:35  Roach  
  93  45:40  Roach  
  95  45:54  Ravager  
  96  45:59  Roach  
  98  46:12  Ravager  
  98  46:16  Roach  
  101  46:31  Ravager  
  102  46:35  Overlord  
  102  46:36  Roach  
  104  46:44  Hydralisk  
  106  46:52  Hydralisk  
  108  46:58  Overlord  
  108  47:03  Overseer  
  108  47:12  Hydralisk  
  110  47:17  Overlord  
  110  47:29  Mutalisk  
  112  47:48  Corruptor  
  114  47:51  Overlord  
  114  47:58  Overseer  
  103  48:16  Mutalisk  
  72  48:34  Mutalisk  
  74  48:53  Mutalisk  
  44  49:07  Overseer  
  44  49:26  Mutalisk  
  46  49:43  Mutalisk  
  48  50:02  Corruptor  
  50  50:39  Viper  
  53  50:45  Zergling x2  
  54  51:23  Ultralisk Cavern  
  45  52:05  Zergling x2  
  33  52:08  Zergling x2  
  33  52:11  Hydralisk  
  33  52:15  Zergling x2  
  33  52:19  Zergling x2  
  33  52:20  Spore Crawler  
  33  52:21  Drone  
  33  52:22  Hydralisk  
  33  52:23  Drone  
  33  52:24  Drone  
  33  52:26  Zergling x2, Drone  
  33  52:27  Drone  
  33  52:29  Drone  
  31  52:30  Roach, Drone  
  31  52:32  Drone  
  31  52:33  Zergling x2  
  31  52:34  Drone  
  31  52:35  Drone  
  31  52:37  Zergling x2, Drone  
  22  52:38  Drone  
  22  52:39  Drone  
  22  52:41  Zergling x2  
  22  52:43  Drone  
  17  52:47  Drone  
  17  52:48  Drone  
Show
View Real Time Build Order
Export as new Build Order

IA (Difícil) Zerg 

Build Orders: 1 Base Baneling Bust, Pool First 

Get SALT Encoding   

  12  0:01  Drone  
  13  0:11  Overlord  
  13  0:16  Drone  
  14  0:29  Drone  
  14  0:31  Drone  
  16  0:40  Spawning Pool  
  16  0:42  Drone  
  16  0:46  Drone  
  16  0:49  Extractor  
  16  0:55  Drone  
  17  1:05  Overlord  
  17  1:27  Zergling x2  
  17  1:30  Queen  
  17  1:31  Roach Warren  
  19  1:37  Drone  
  19  1:38  Zergling x2  
  19  1:39  Extractor  
  20  1:48  Drone  
  21  1:59  Drone  
  22  2:13  Roach  
  24  2:20  Overlord  
  24  2:31  Roach  
  26  2:38  Drone  
  26  2:42  Roach  
  29  2:45  Overlord  
  29  2:51  Drone  
  29  2:56  Roach  
  32  3:06  Roach  
  32  3:09  Overlord  
  34  3:17  Roach  
  36  3:28  Roach  
  36  3:32  Overlord  
  38  3:36  Drone  
  38  3:40  Roach  
  42  3:41  Drone  
  42  3:43  Drone  
  42  3:48  Drone  
  44  3:52  Drone  
  47  4:03  Roach  
  47  4:04  Baneling Nest  
  47  4:09  Evolution Chamber  
  45  4:12  Drone  
  45  4:14  Roach, Drone  
  45  4:15  Drone  
  50  4:26  Roach  
  52  4:37  Roach  
  54  5:20  Zergling x2  
  54  6:26  Lair  
  54  6:27  Overlord  
  54  6:28  Drone  
  54  6:29  Evolution Chamber  
  54  6:30  Zerg Melee Weapons Level 1, Drone  
  55  6:33  Spore Crawler  
  55  6:34  Drone  
  55  6:39  Spore Crawler  
  54  6:40  Drone  
  54  6:44  Drone  
  54  6:46  Overlord  
  56  7:09  Spine Crawler  
  56  7:10  Drone  
  56  7:14  Spine Crawler  
  56  7:15  Drone  
  55  7:20  Zergling x2  
  55  7:22  Zerg Ground Armor Level 1  
  55  7:23  Queen  
  55  7:24  Overseer  
  55  7:26  Overseer  
  55  7:27  Spire  
  55  7:28  Drone  
  57  7:31  Hydralisk Den  
  57  7:32  Drone  
  57  7:34  Infestation Pit  
  57  7:36  Drone  
  57  7:59  Hydralisk  
  57  8:02  Burrow  
  57  8:11  Hydralisk  
  41  8:21  Hydralisk  
  41  8:24  Zerg Missile Weapons Level 1  
  39  8:32  Roach  
  41  8:42  Roach  
  43  8:52  Roach  
  43  8:55  Overseer  
  45  9:02  Roach  
  47  9:12  Ravager  
  47  9:13  Roach  
  50  9:22  Hydralisk  
  50  9:23  Ravager  
  53  9:33  Roach  
  55  9:45  Ravager, Roach  
  58  10:43  Pneumatized Carapace  
  58  10:44  Mutalisk  
  58  10:45  Overlord  
  58  10:46  Overlord  
  60  10:53  Mutalisk  
  62  10:57  Hatchery  
  62  11:00  Mutalisk  
  63  11:08  Drone  
  63  11:09  Mutalisk  
  57  11:18  Mutalisk  
  57  11:23  Zergling x2  
  50  11:27  Zergling x2, Drone  
  50  11:30  Zergling x2  
  50  11:32  Drone  
  44  11:34  Drone  
  44  11:35  Zergling x2, Drone  
  44  11:37  Drone  
  44  11:39  Roach  
  35  11:41  Drone  
  35  11:47  Roach  
  26  11:49  Drone  
  26  11:51  Roach  
  26  11:52  Drone  
  8  12:03  Drone  
  5  12:08  Corruptor  
  5  12:10  Spawning Pool  
  4  12:20  Drone  
  3  12:30  Drone  
Show
View Real Time Build Order
Export as new Build Order

IA (Difícil) Protoss 

Build Orders:  

Get SALT Encoding   

  12  0:01  Probe  
  13  0:13  Probe  
  14  0:21  Pylon  
  14  0:25  Probe  
  15  0:35  Probe  
  16  0:43  Probe  
  16  0:46  Assimilator  
  17  0:50  Gateway  
  17  0:52  Probe  
  18  0:59  Pylon  
  18  1:00  Probe  
  19  1:13  Probe  
  20  1:36  Gateway  
  20  1:38  Zealot  
  20  1:39  Assimilator  
  22  1:42  Cybernetics Core  
  22  1:55  Pylon  
  22  2:04  Zealot  
  24  2:22  Stalker  
  24  2:28  Warp Gate  
  26  2:30  Adept  
  26  2:31  Pylon  
  28  2:52  Adept  
  28  2:54  Probe  
  31  3:00  Adept  
  31  3:03  Probe  
  33  3:11  Pylon  
  33  3:12  Probe  
  35  3:20  Probe  
  35  3:22  Adept  
  35  3:25  Forge  
  38  3:30  Adept  
  38  3:32  Probe  
  41  3:44  Probe  
  42  3:52  Adept  
  42  3:55  Adept  
  46  4:41  Protoss Ground Weapons Level 1  
  46  4:49  Stalker  
  46  4:50  Probe  
  49  4:52  Gateway  
  49  4:57  Pylon  
  49  4:58  Stalker  
  51  5:02  Probe  
  52  5:08  Photon Cannon  
  52  5:12  Sentry  
  54  5:17  Photon Cannon  
  54  5:21  Pylon  
  54  5:22  Stalker  
  56  5:29  Robotics Facility  
  56  5:35  Stalker  
  58  5:45  Sentry  
  58  5:46  Pylon  
  54  5:54  Zealot  
  50  5:57  Stargate  
  50  6:04  Zealot  
  36  6:13  Adept  
  36  6:18  Observer  
  37  6:22  Zealot  
  37  6:23  Probe  
  37  6:32  Stalker  
  37  6:39  Observer  
  38  6:41  Sentry  
  40  6:49  Protoss Ground Armor Level 1  
  40  6:52  Zealot  
  42  7:01  Stalker  
  42  7:07  Forge  
  44  7:10  Stalker  
  46  7:20  Stalker  
  48  7:29  Stalker  
  50  7:39  Stalker  
  52  7:48  Twilight Council, Sentry  
  54  7:57  Adept  
  50  8:12  Zealot  
  46  8:16  Blink  
  40  8:21  Zealot  
  42  8:30  Sentry  
  44  8:39  Adept  
  46  8:49  Stalker  
  46  8:52  Warp Prism  
  46  8:55  Stalker, Gateway  
  52  9:06  Robotics Facility  
  52  9:26  Zealot  
  52  9:28  Warp Prism  
  56  9:35  Stargate, Adept  
  58  9:41  Adept  
  58  9:48  Zealot  
  52  9:53  Zealot  
  52  9:55  Warp Prism  
  52  9:56  Photon Cannon  
  35  10:02  Zealot  
  37  10:09  Stalker  
  37  10:13  Stalker  
  36  10:17  Zealot  
  36  10:24  Adept  
  31  10:32  Zealot  
  31  10:37  Stalker  
  31  10:41  Zealot  
  33  10:45  Stalker  
  33  10:53  Adept  
  29  11:01  Stalker  
  25  11:05  Stalker  
  27  11:14  Stalker  
Show
View Real Time Build Order
Export as new Build Order

IA (Difícil) Zerg 

Build Orders: 1 Base Baneling Bust, Pool First 

Get SALT Encoding   

  12  0:01  Drone  
  13  0:12  Overlord  
  13  0:18  Drone  
  14  0:30  Drone  
  14  0:32  Drone  
  16  0:43  Spawning Pool  
  16  0:46  Drone  
  16  0:50  Drone  
  16  0:53  Extractor  
  16  0:55  Drone  
  17  1:06  Overlord  
  17  1:31  Zergling x2, Queen  
  20  1:37  Zergling x2  
  20  1:38  Drone  
  20  1:39  Roach Warren  
  21  1:40  Extractor  
  20  1:49  Drone  
  21  2:00  Drone  
  22  2:10  Overlord  
  22  2:21  Drone  
  23  2:32  Roach  
  25  2:38  Roach, Drone  
  28  2:44  Roach  
  28  2:46  Overlord  
  30  2:54  Drone  
  30  2:55  Ravager  
  32  3:02  Ravager  
  32  3:05  Roach  
  35  3:11  Roach, Drone  
  38  3:13  Overlord  
  38  3:17  Drone  
  39  3:27  Drone  
  39  3:30  Baneling Nest  
  39  3:38  Drone  
  39  3:39  Evolution Chamber  
  39  3:42  Roach, Drone  
  39  3:44  Drone  
  43  3:50  Drone  
  44  4:36  Lair  
  44  4:37  Drone  
  44  4:38  Overlord, Zerg Melee Weapons Level 1, Evolution Chamber  
  45  4:39  Drone  
  45  4:42  Drone  
  46  5:04  Zerg Missile Weapons Level 1  
  46  5:11  Roach  
  48  5:20  Roach  
  40  5:28  Zergling x2  
  40  5:34  Burrow  
  35  5:37  Roach  
  35  5:41  Hydralisk Den, Drone  
  37  5:46  Roach  
  39  5:55  Roach  
  41  6:04  Roach  
  43  6:06  Spore Crawler  
  43  6:07  Drone  
  43  6:11  Overseer  
  43  6:13  Roach  
  43  6:14  Spore Crawler, Drone  
  45  6:20  Overseer  
  45  6:21  Roach  
  47  6:29  Overlord, Hydralisk  
  47  6:32  Zerg Ground Armor Level 1, Drone  
  49  6:38  Hydralisk  
  51  6:43  Spine Crawler  
  51  6:44  Queen  
  52  6:47  Spine Crawler  
  52  6:48  Drone  
  52  6:52  Hydralisk  
  52  6:53  Drone  
  55  6:59  Infestation Pit, Drone  
  55  7:00  Hydralisk  
  57  7:19  Spire  
  57  7:20  Drone  
  57  8:38  Pneumatized Carapace  
  57  8:39  Overlord, Mutalisk  
  59  8:47  Mutalisk  
  61  8:57  Mutalisk  
  63  9:06  Mutalisk  
  65  9:14  Mutalisk  
  64  9:30  Corruptor  
  56  9:54  Roach  
  56  10:08  Hive  
  50  10:52  Mutalisk  
  52  11:11  Mutalisk  
  54  11:21  Viper  
  57  11:26  Hatchery  
  57  11:28  Drone  
  57  11:30  Overseer  
  57  11:52  Mutalisk  
  59  12:11  Mutalisk  
  61  12:29  Mutalisk  
  61  12:58  Greater Spire  
  34  13:17  Corruptor  
  36  13:41  Zergling x2  
  36  13:45  Zergling x2  
  35  13:49  Zergling x2  
  35  13:53  Zergling x2  
  35  13:54  Queen  
  33  13:57  Zergling x2  
  33  13:59  Drone  
  33  14:00  Zergling x2  
  33  14:01  Overlord, Drone  
  32  14:03  Hydralisk, Drone  
  32  14:08  Zergling x2, Drone  
  32  14:10  Drone  
  32  14:12  Zergling x2  
  32  14:15  Zergling x2, Spore Crawler  
  32  14:16  Drone  
  32  14:18  Drone  
  32  14:20  Zergling x2  
  32  14:21  Overlord  
  32  14:22  Drone  
  32  14:24  Zergling x2, Drone  
  27  14:25  Drone  
  27  14:27  Hydralisk  
  23  14:32  Roach  
  23  14:33  Queen, Drone  
  23  14:35  Mutalisk, Spore Crawler, Drone  
  20  14:39  Zergling x2  
  20  14:42  Drone  
  16  14:46  Spore Crawler, Drone  
  12  14:53  Drone  
  12  14:57  Drone  
  8  15:02  Zergling x2, Drone  
  8  15:05  Zergling x2, Drone  
  10  15:07  Drone  
  10  15:12  Spore Crawler  
  10  15:15  Drone  
  10  15:18  Drone  
  9  15:26  Drone  
  7  15:29  Drone  
  7  15:30  Zergling x2, Drone  
  7  15:32  Drone  
  10  15:38  Zergling x2  
  10  15:39  Drone  
  10  15:47  Drone  
  10  15:49  Drone  
  6  15:50  Drone  
  6  15:54  Spore Crawler  
  6  16:01  Drone  
  3  16:12  Zergling x2  
Show
View Real Time Build Order
Export as new Build Order

IA (Difícil) Terran - Winner!

Build Orders:  

Get SALT Encoding   

  12  0:01  SCV  
  13  0:13  SCV  
  14  0:19  Supply Depot  
  14  0:25  SCV  
  15  0:41  SCV  
  16  0:47  Barracks  
  16  0:49  Refinery  
  16  0:53  SCV  
  17  1:05  SCV  
  18  1:17  SCV  
  19  1:19  Supply Depot  
  19  1:29  SCV  
  20  1:36  Marine  
  20  1:39  Barracks  
  21  1:42  Orbital Command  
  21  1:47  Refinery  
  21  1:55  Barracks Tech Lab  
  21  2:05  Supply Depot  
  21  2:12  Marine  
  22  2:31  Marauder  
  22  2:35  Marine  
  25  2:38  Supply Depot  
  25  2:51  Marine  
  25  2:56  Marine  
  27  3:08  SCV  
  27  3:10  Marauder  
  30  3:16  Supply Depot  
  30  3:17  Marine  
  31  3:20  SCV  
  32  3:29  Engineering Bay  
  32  3:31  Marine  
  32  3:32  SCV  
  34  3:37  Marine  
  35  3:44  SCV  
  36  3:49  Marauder  
  38  3:56  SCV  
  38  3:57  Marine  
  40  4:08  SCV  
  41  4:10  Marine  
  42  4:28  Marauder  
  44  4:50  Marauder  
  45  5:07  SCV  
  45  5:11  Marauder  
  48  5:47  Marauder  
  40  5:57  Marine  
  38  6:08  Marine  
  39  6:18  Marine  
  40  6:28  Marine  
  41  6:36  Marine  
  41  6:37  SCV, Stimpack, Factory  
  41  6:38  Terran Infantry Weapons Level 1  
  43  6:41  Factory  
  43  6:44  Supply Depot  
  43  6:46  Marine  
  44  6:47  Missile Turret  
  44  6:49  SCV  
  44  6:52  Missile Turret  
  44  6:53  Marine  
  46  6:56  Barracks  
  46  7:00  Ghost Academy  
  46  7:04  Marine  
  47  7:14  Marine  
  39  7:16  Bunker  
  39  7:20  Factory Tech Lab  
  39  7:22  Marauder  
  39  7:26  Starport  
  39  7:27  SCV  
  39  7:31  Starport  
  39  7:32  Marine, Factory Tech Lab  
  39  7:35  Supply Depot  
  40  7:43  Marauder, Barracks Tech Lab  
  42  7:49  Marine  
  43  7:54  Sensor Tower  
  43  8:01  Combat Shield  
  43  8:04  Marine  
  43  8:05  Ghost, Starport Tech Lab  
  44  8:07  Starport Tech Lab  
  44  8:08  SCV  
  46  8:13  Armory  
  46  8:14  Marine  
  46  8:16  Concussive Shells  
  47  8:22  Marine  
  47  8:24  Raven  
  47  8:26  Raven  
  52  8:33  Barracks Reactor, Terran Infantry Armor Level 1  
  52  8:35  Marauder  
  52  8:40  Marauder  
  56  8:56  Marauder  
  58  9:12  SCV  
  58  9:56  Marauder  
  56  10:02  Marine  
  57  10:10  Marine  
  58  10:55  Medivac, Reaper  
  58  10:56  Medivac  
  63  10:58  Marine, Terran Infantry Weapons Level 2  
  63  10:59  Supply Depot  
  63  11:01  Marine  
  63  11:03  Engineering Bay  
  63  11:04  Marine  
  66  11:15  Marine  
  67  11:19  Reaper  
  68  11:25  Medivac, Raven  
  68  11:29  Supply Depot, Terran Infantry Armor Level 2  
  72  11:38  Terran Vehicle Weapons Level 1  
  72  11:55  Marine  
  72  11:58  Marine  
  69  12:02  Marine  
  69  12:06  Marine  
  71  12:13  Marine  
  72  12:16  Marine  
  72  12:47  Fusion Core  
  72  13:07  Armory  
  72  13:32  Terran Vehicle And Ship Armor Level 1, Marine  
  72  13:35  Marine  
  72  13:39  Marauder  
  63  13:42  Marine  
  64  13:51  Marauder  
  64  13:54  Terran Ship Weapons Level 1  
  66  14:00  Marauder  
  68  14:12  Marauder  
  68  14:16  Hellion  
  72  14:20  Siege Tank  
  75  14:29  Supply Depot  
  75  14:38  Hellion  
  77  14:52  Siege Tank  
  80  14:56  Supply Depot  
  80  14:59  Hellion  
  75  15:20  Hellion  
  70  15:22  Marine  
  70  15:24  Hellion  
  73  15:42  Siege Tank  
  62  15:44  Marine  
  62  15:45  Hellion  
  62  15:47  Marine  
  59  15:51  Marine  
  59  15:55  Marine, Starport  
  61  16:00  Medivac  
  61  16:01  Marine  
  64  16:05  Marine  
  64  16:09  Marine  
  66  16:12  Marine  
  66  16:17  SCV, Siege Tank  
  70  16:19  Marine  
  70  16:21  Siege Tank  
  74  16:36  Raven  
  76  16:50  Hellion  
  78  17:00  Siege Tank  
  84  17:22  Siege Tank  
  84  17:33  Marine  
  84  17:37  Marine x2  
  82  17:40  Factory Tech Lab  
  77  17:45  Supply Depot  
  77  17:51  Marine  
  77  17:54  Marine  
  77  17:55  Marine  
  80  17:59  Marine  
  77  18:09  Marine  
  77  18:12  Marine  
  77  18:13  Marine  
  77  18:17  Marine  
  80  18:20  Supply Depot  
  75  18:27  Marauder  
  75  18:30  Marine x2  
  66  18:34  Marine  
  61  18:48  Marine x3  
  59  18:52  Marine  
  61  19:06  Marine x3  
  64  19:10  Marine  
  65  19:23  Marine x2  
  67  19:24  Marine  
  67  19:28  Ghost  
  70  19:41  Marine x2  
  70  19:42  Marine  
  73  19:56  Ghost  
  73  19:59  Marine x2  
  78  20:00  Marauder  
  78  20:04  Medivac  
  68  20:17  Marine x2  
  72  20:21  Marauder  
  72  20:26  Marauder  
  74  20:35  Marine x2  
  75  20:42  Terran Infantry Weapons Level 3, Marauder  
  78  20:46  Marine  
  79  20:52  Marine  
  79  20:53  Marine  
  79  20:55  Hellion  
  83  20:57  Siege Tank  
  83  21:04  Marauder  
  88  21:05  Marauder  
  84  21:16  Siege Tank  
  85  21:25  Marauder  
  84  21:30  Hellion  
  83  21:35  Raven  
  85  21:48  Hellion  
  85  21:51  Hellion  
  89  22:09  Hellion  
  89  22:12  Siege Tank  
  94  22:32  Siege Tank  
  94  22:37  SCV  
  97  22:50  Medivac  
  99  23:27  Raven  
  101  23:50  Siege Tank  
  104  24:13  Siege Tank  
  107  24:17  Supply Depot  
  107  24:35  Siege Tank  
  110  24:59  Siege Tank  
  104  25:20  Marine  
  97  25:24  Marine  
  98  25:30  Marine  
  98  25:36  Raven  
  91  25:47  Marine  
  80  25:55  Marine x2  
  73  25:59  Marine  
  58  26:07  Hellion  
  50  26:13  Hellion, Marine  
  50  26:15  Viking  
  50  26:17  SCV  
  48  26:18  Marine  
  48  26:22  Marine  
  48  26:24  Missile Turret  
  48  26:27  Marine  
  48  26:29  SCV, Hellion  
  48  26:30  Viking  
  47  26:35  Hellion  
  47  26:37  Marine  
  46  26:41  Marine  
  46  26:42  SCV  
  46  26:48  Marine  
  46  26:50  Hellion  
  46  26:52  Marine  
  46  26:54  SCV  
  49  26:56  Marine  
  49  27:00  Marine  
  46  27:06  SCV, Marine  
  46  27:07  Missile Turret  
  45  27:10  Marine  
  45  27:14  Marine  
  50  27:15  Siege Tank  
  50  27:18  SCV  
  50  27:19  Hellion  
  53  27:22  Marine  
  53  27:26  Marine  
  55  27:30  SCV, Marine  
  55  27:34  Marine  
  55  27:36  Raven  
  60  27:40  Marine  
  60  27:41  Siege Tank  
  60  27:42  SCV  
  65  27:47  Marine  
  65  27:48  Hellion  
  65  27:50  Marine  
  69  27:53  Marine  
  69  27:54  SCV  
  69  27:55  Medivac  
  69  27:58  Marine  
  74  28:09  Widow Mine  
  76  28:19  Banshee  
  81  28:35  Hellion  
  81  28:38  Medivac  
  83  29:02  Medivac  
  85  29:34  Raven  
  87  29:39  Marauder  
  87  29:43  Marauder  
  91  29:49  Widow Mine  
  93  30:08  Banshee  
  96  31:06  Marine  
  96  31:09  Marine  
  96  31:10  Fusion Core  
  98  31:12  Marine  
  98  31:15  Marine  
  98  31:49  Marine  
  98  31:52  Marine  
  79  31:55  Marine  
  79  31:58  Marine  
  67  32:07  Marine  
  54  32:10  Marine  
  54  32:13  Marine  
  49  32:16  Widow Mine, Marine  
  49  32:19  Battlecruiser  
  53  32:25  Marine  
  53  32:28  Marine  
  51  32:31  Marine  
  51  32:34  Marine  
  53  32:42  Ghost  
  55  32:46  Marine  
  55  32:49  Marine  
  55  32:50  Raven  
  59  32:51  Marine  
  60  33:03  Marine  
  61  33:06  Marine  
  61  33:09  Marine  
  61  33:11  Marine  
  64  33:23  Medivac  
  66  33:28  Marauder  
  66  33:29  Marauder  
  66  33:33  Siege Tank  
  73  33:54  Medivac  
  75  34:13  Medivac  
  77  34:41  Marauder  
  77  34:43  Marine  
  77  34:45  Marine  
  81  34:47  Marine  
  82  34:54  Raven  
  82  34:55  SCV  
  84  35:00  Marine  
  84  35:02  Marine  
  84  35:03  Marine  
  84  35:05  Marauder  
  88  35:18  Marine  
  88  35:20  Marine  
  88  35:27  Marauder  
  90  35:38  Marauder  
  92  35:46  Marine  
  92  35:47  Ghost  
  92  35:48  Marine  
  89  35:59  Marine  
  89  36:03  Marine  
  91  36:06  Marine  
  92  36:16  Ghost  
  92  36:17  Marauder  
  90  36:34  Marine  
  90  36:36  Marine  
  90  36:39  Marine  
  89  36:45  Marine  
  73  36:49  Medivac  
  73  36:52  Marine  
  64  36:54  Marine  
  64  36:57  Marine  
  66  37:02  Marine  
  66  37:08  Raven  
  67  37:10  Marine  
  67  37:12  Marine  
  67  37:14  Marine  
  72  37:20  Marine  
  73  37:28  Marine  
  74  37:30  Marine  
  74  37:33  Marauder  
  77  37:39  Marauder  
  79  37:45  Raven  
  81  37:54  Marauder  
  83  38:03  Medivac  
  85  38:28  Viking  
  85  38:33  Viking  
  72  38:58  Viking  
  71  39:21  Raven  
  73  39:43  Banshee  
  76  40:09  Liberator  
  79  41:06  Battlecruiser  
  85  41:31  Ghost  
  87  41:33  Marine  
  87  41:35  Marine  
  87  41:38  Marine  
  90  41:51  Marine  
  90  41:53  Marine  
  92  41:55  Marine  
  92  42:00  Marine  
  94  42:06  Raven  
  96  42:09  Marine  
  96  42:11  Marine  
  96  42:13  Marine  
  99  42:18  Marauder  
  101  42:32  Marauder  
  103  42:38  Ghost  
  105  43:24  Terran Infantry Armor Level 3  
  105  44:10  Terran Vehicle Weapons Level 2  
  105  45:29  Terran Vehicle And Ship Armor Level 2  
  105  46:26  Terran Vehicle Weapons Level 3  
  105  46:45  SCV  
  105  47:45  Terran Ship Weapons Level 2  
  105  47:47  Neosteel Armor  
  105  48:06  Hi-Sec Auto Tracking  
  105  48:24  Rapid Reignition System  
  105  48:46  Siege Tank  
  108  48:51  Supply Depot, Siege Tank  
  103  49:18  Thor  
  103  49:21  Viking  
  103  49:23  Widow Mine  
  104  49:34  Viking  
  106  49:44  Siege Tank  
  109  50:01  Siege Tank  
  112  50:17  Widow Mine  
  114  50:21  Supply Depot  
  114  50:33  Viking, Thor  
  122  50:48  Banshee  
  122  51:03  Viking  
  124  51:23  Supply Depot  
  124  51:30  Banshee  
  125  51:57  Raven  
  127  52:24  Liberator  
  130  52:43  Banshee  
  133  53:07  Banshee  
  133  53:11  Supply Depot  
  136  53:29  Liberator  
  139  54:25  Battlecruiser  
  139  54:26  Supply Depot  
  145  54:42  Cloaking Field  
  145  55:10  Weapon Refit  
  118  55:36  Marine  
  118  55:38  Marine  
  118  55:40  Marine  
  119  55:43  Marine  
  119  55:47  Raven  
  122  55:54  Marine  
  122  55:56  Marine  
  122  55:58  Marine  
  122  56:00  Marine  
  116  56:12  Marine  
  116  56:14  Missile Turret, Marine  
  116  56:16  Marine  
  115  56:18  Marine  
  115  56:20  SCV  
  115  56:29  Marine  
  115  56:32  Marine  
  114  56:34  Marine  
  114  56:36  Engineering Bay, Marine  
  110  56:44  Cyclone  
  110  56:46  Starport Tech Lab  
  107  56:47  Marine  
  107  56:49  Marine  
  107  56:52  Marine  
  110  56:54  Marine  
  110  56:57  Starport Tech Lab  
  110  56:58  SCV  
  110  57:05  Marine  
  110  57:07  Marine  
  110  57:09  Marine  
  110  57:12  Marine  
  112  57:23  Advanced Ballistics, Marine  
  112  57:25  Marine  
  112  57:27  Marine  
  112  57:29  Marine  
  114  57:41  Marine  
  114  57:43  Marine  
  116  57:45  Marine  
  116  57:47  Marine  
  118  57:59  Marine  
  118  58:01  Marine  
  118  58:03  Marine  
  118  58:05  Ghost  
  121  58:10  Terran Vehicle And Ship Armor Level 3  
  123  58:17  Marauder  
  125  59:04  Hellion  
  125  59:07  Hellion  
  129  59:25  Hellion  
  129  59:28  Siege Tank  
  134  59:46  Hellion  
  136  60:00  Siege Tank  
  139  60:07  Siege Tank  
  142  60:22  Infernal Pre-Igniter  
  142  60:32  Siege Tank  
  145  60:47  Terran Ship Weapons Level 3  
  145  61:14  Hyperflight Rotors  
  138  61:51  Thor  
  144  62:13  Armory  
  142  66:18  Raven  
  136  69:19  SCV  
  128  69:31  SCV  
  129  69:43  SCV  
  130  69:55  SCV  
  131  70:07  SCV  
  132  70:19  SCV  
  133  70:32  SCV  
  134  70:44  SCV  
  135  70:56  SCV  
  136  72:59  Widow Mine  
  138  73:19  SCV  
Tags
 
Add a new tag
Caveats
  • Supply blocks, unpowered buildings, or Contaminate may cause inaccurate times.
  • Supply counts are checked every 10 seconds.